 Dungeon Sprint DCSS version 0.29-a0-330-g52719c12eb (webtiles) character file.

Game seed: 5331842162071701770

12610 jt the Unseen (level 11, -2/90 HPs)
             Began as an Octopode Brigand on May 6, 2022.
             Was the Champion of Lugonu.
             Slain by the 27-headed Lernaean hydra (3 damage)
             ... in the Dungeon (Sprint I: "Red Sonja").
             The game lasted 00:13:05 (2822 turns).

jt the Unseen (Octopode Brigand)                    Turns: 2822, Time: 00:13:05

Health: -2/90      AC: -3    Str: 12    XL:     11   Next: 96%
Magic:  13/21      EV: 20    Int: 15    God:    Lugonu [******]
Gold:   248        SH:  0    Dex: 17    Spells: 10/10 levels left

rFire   + + .      SeeInvis +   a - +2 dagger (distort)
rCold   . . .      Faith    .   (no shield)
rNeg    . . .      Spirit   .   (helmet restricted)
rPois   .          Reflect  .   (no amulet)
rElec   +          Harm     .   C - ring of Awe {Wiz *Corrode rElec rF++ Str+2}
rCorr   .          Rampage  .   F - ring of see invisible
Will    .....      NoTele   +   (no ring)
Stlth   +++++++...              (no ring)
HPRegen 0.25/turn               (no ring)
MPRegen 0.17/turn               (no ring)
                                (no ring)
                                (no ring)

@: weak-willed, corroded
A: almost no armour, amphibious, 8 rings, camouflage 1, gelatinous body 1,
(nimble swimmer 1), tentacles
a: Renounce Religion, Bend Space, Banish, Corrupt, Brand Weapon With Distortion


You were in the Dungeon.
You worshipped Lugonu.
Lugonu was exalted by your worship.
You visited 1 branch You collected 2158 gold pieces.
You spent 1910 gold pieces at shops.

Inventory:

Hand Weapons
 a - a +2 dagger of distortion (weapon)
 k - a +2 dagger
 l - a +4 scythe
 m - a +0 spear
 n - a +0 short sword of distortion
 q - a +0 longbow
 s - a +0 shortbow
Missiles
 b - 7 poisoned darts (quivered)
 c - 5 curare-tipped darts
 w - 9 stones
Magical Staves
 r - a staff of fire
Jewellery
 C - the ring of Awe (left tentacle) {Wiz *Corrode rElec rF++ Str+2}
   (You bought it in a shop in the Dungeon)

   [ring of wizardry]

   It improves your spell success rate.
   Str:       It affects your strength (+2).
   rF:        It greatly protects you from fire.
   rElec:     It insulates you from electricity.
   *Corrode:  It may corrode you when you take damage.
 F - a ring of see invisible (right tentacle)
Wands
 j - a wand of charming (2)
 z - a wand of polymorph (6)
Scrolls
 h - a scroll of immolation
 i - 2 scrolls of blinking
 o - a scroll of amnesia
 p - a scroll of fog
 u - a scroll of magic mapping
 v - 4 scrolls of enchant weapon
 y - a scroll of identify
 B - a scroll of vulnerability
 D - a scroll of torment
Potions
 d - 5 potions of curing
 f - 3 potions of haste
 g - 2 potions of magic
 x - a potion of might
 A - a potion of ambrosia
 E - a potion of cancellation
Miscellaneous
 e - a condenser vane
 t - a lightning rod (4/4)


   Skills:
 + Level 14.1 Fighting
 - Level 11.2 Short Blades
 - Level 6.1 Throwing
 + Level 12.6 Dodging
 - Level 16.2 Stealth
 + Level 13.9 Invocations
 + Level 8.4 Evocations


You had 10 spell levels left.
You didn't know any spells.
Your spell library was empty.

Dungeon Overview and Level Annotations

Branches:
Dungeon (1/1)

Altars:
Cheibriados
Dithmenos
Elyvilon
Fedhas
Gozag
Hepliaklqana
Kikubaaqudgha
Makhleb
Nemelex Xobeh
Okawaru
Qazlal
Ru
Sif Muna
Trog
Uskayaw
Vehumet
Wu Jian
Xom
Yredelemnul
Zin
The Shining One
Jiyva
Lugonu

Shops:
D *(!!!?[=!*(*?(*[[

Annotations:
D Lernaean hydra


Innate Abilities, Weirdness & Mutations

You cannot wear most types of armour.
You are amphibious.
You can wear up to eight rings at the same time.
Your skin changes colour to match your surroundings (Stealth+).
Your rubbery body absorbs attacks. (AC +1, EV +1)
((You are camouflaged when in or above water. (Stealth+)))
You have tentacles for arms and can constrict up to eight enemies at once.


Message History

You feel very sick.
There are no items here.
You start resting.
You feel sick. x9
You are no longer poisoned.
b - 7 poisoned darts (gained 1)
There is an open door here.
You close the door.
You start resting.
HP restored.
You open the door.
There is an open door here.
You open the door.
The 27-headed Lernaean hydra comes into view.
The 27-headed Lernaean hydra moves out of view.
There is an open door here.
There is an open door here.
The 27-headed Lernaean hydra roars deafeningly!
Really read the scroll of vulnerability?
As you read the scroll of vulnerability, it crumbles to dust.
Magic quickly surges around you.
Press: ? - help, Shift-Dir - straight line, f - 27-headed Lernaean hydra
Aim: the 27-headed Lernaean hydra (weak-willed, chance to affect: 60%)
The 27-headed Lernaean hydra resists with significant effort.
Press: ? - help, Shift-Dir - straight line, f/p - 27-headed Lernaean hydra
Aim: the 27-headed Lernaean hydra (weak-willed, chance to affect: 60%)
The 27-headed Lernaean hydra resists with significant effort.
The 27-headed Lernaean hydra is engulfed in a cloud of scalding steam.
The 27-headed Lernaean hydra bites you.
The 27-headed Lernaean hydra bites you! x2
The 27-headed Lernaean hydra misses you.
The 27-headed Lernaean hydra bites you!
The 27-headed Lernaean hydra misses you.
The 27-headed Lernaean hydra bites you!
The 27-headed Lernaean hydra bites you. x2
Your corrosive artefact corrodes you!
The 27-headed Lernaean hydra closely misses you.
The 27-headed Lernaean hydra bites you!
* * * LOW HITPOINT WARNING * * *
The 27-headed Lernaean hydra bites you!
* * * LOW HITPOINT WARNING * * *
The 27-headed Lernaean hydra bites you.
You die...

#######################**********
....'§§.§.÷§§§#§§§§..§#,,,,,,,,,*
.####§§§§§##§.'§@#§§§§##,,,,,,,,*
§#,*##§§.#######D#§§.§.#****,,,,*
.#+*,###+#,,,**(.#.§§§.#,,,*,,,,*
##,,,*,#§#*,,,#..##..§§#,∩,*,,,,*
,*,,,**#..***,#..≈###§##,,,*,,,,*
,+,,,,,##.*,*,#..≈,,#§#***+*,,,,*
°*,,,,,*,.#**,#..≈e*#+#,,,,**,,,*
°#**++**,##,,,#..≈#*,,,,,,,,**,,*
##*,,***,,*+***,,≈*,,,,,,,,,,*,,*


You could see the 27-headed Lernaean hydra (weak-willed).

Vanquished Creatures
  A hydra (D)
  2 centaur warriors (D)
  Sonja (D)
  A deep troll (D)
  A lindwurm (D)
  An oklob plant (D)
  A merfolk siren (D)
  A gargoyle (D)
  2 kobold demonologists (D)
  2 unseen horrors (D)
  A hellwing (D)
  4 demonic crawlers (D)
  2 hornets (D)
  A slime creature (D)
  Sigmund (D)
  13 hogs (D)
  A yak (D)
  2 redbacks (D)
  3 floating eyes (D)
  An ogre (D)
  7 necrophages (D)
  5 jellies (D)
  Ijyb (D)
55 creatures vanquished.

Vanquished Creatures (others)
  A merfolk siren (D)
  A gargoyle (D)
  A hornet (D)
  3 jellies (D)
  2 ballistomycete spores (D)
8 creatures vanquished.

Grand Total: 63 creatures vanquished

Notes
Turn   | Place    | Note
-------+----------+-------------------------------------------
     0 | D        | jt the Octopode Brigand began the quest for the Orb.
     0 | D        | Reached XP level 1. HP: 14/14 MP: 1/1
     2 | D        | Noticed Ijyb
     6 | D        | Killed Ijyb
     7 | D        | Reached skill level 9 in Stealth
     7 | D        | Reached XP level 2. HP: 8/19 MP: 2/2
     7 | D        | Reached XP level 3. HP: 10/24 MP: 3/3
   175 | D        | Noticed an ogre
   177 | D        | Killed an ogre
   178 | D        | Reached skill level 13 in Stealth
   178 | D        | Reached XP level 4. HP: 29/29 MP: 4/4
   189 | D        | Noticed Sigmund
   191 | D        | Killed Sigmund
   192 | D        | Reached skill level 14 in Stealth
   192 | D        | Reached XP level 5. HP: 38/38 MP: 5/5
   192 | D        | Reached XP level 6. HP: 44/44 MP: 6/6
   205 | D        | Found a burning altar of Makhleb.
   205 | D        | Found a shimmering altar of Xom.
   205 | D        | Noticed a slime creature
   206 | D        | Found a viscous altar of Jiyva.
   206 | D        | Found a corrupted altar of Lugonu.
   208 | D        | Killed a slime creature
   209 | D        | Reached skill level 5 in Fighting
   209 | D        | Reached skill level 5 in Short Blades
   209 | D        | Reached skill level 15 in Stealth
   209 | D        | Reached skill level 5 in Evocations
   209 | D        | Reached XP level 7. HP: 51/51 MP: 7/7
   210 | D        | Became a worshipper of Lugonu the Unformed
   210 | D        | Reached * piety under Lugonu
   226 | D        | Found an ornate altar of the Wu Jian Council.
   226 | D        | Found a shimmering blue altar of Sif Muna.
   228 | D        | Found a radiant altar of Vehumet.
   233 | D        | Reached skill level 1 in Invocations
   263 | D        | Found Doblergh's Antique Weapon Emporium.
   263 | D        | Found an ancient bone altar of Kikubaaqudgha.
   263 | D        | Found a hazy altar of Hepliaklqana.
   263 | D        | Found a hide-covered altar of Uskayaw.
   263 | D        | Found a basalt altar of Yredelemnul.
   263 | D        | Found an opulent altar of Gozag.
   263 | D        | Found a snail-covered altar of Cheibriados.
   263 | D        | Found a sacrificial altar of Ru.
   263 | D        | Found a shadowy altar of Dithmenos.
   263 | D        | Noticed a yak
   264 | D        | Found a stormy altar of Qazlal.
   264 | D        | Found a blossoming altar of Fedhas.
   264 | D        | Found a bloodstained altar of Trog.
   264 | D        | Found an iron altar of Okawaru.
   264 | D        | Found a glowing golden altar of the Shining One.
   264 | D        | Found a glowing silver altar of Zin.
   264 | D        | Found a white marble altar of Elyvilon.
   265 | D        | Killed a yak
   266 | D        | Reached skill level 16 in Stealth
   266 | D        | Found a sparkling altar of Nemelex Xobeh.
   275 | D        | Noticed Sonja
   279 | D        | Killed Sonja
   279 | D        | Reached ** piety under Lugonu
   280 | D        | Reached skill level 5 in Invocations
   280 | D        | Reached XP level 8. HP: 61/61 MP: 8/12
   295 | D        | Found Wilivibi's General Store.
   303 | D        | Bought a scroll of identify for 26 gold pieces
   303 | D        | Bought a scroll of fog for 26 gold pieces
   328 | D        | Noticed a kobold demonologist
   329 | D        | Noticed a kobold demonologist
   332 | D        | Killed a kobold demonologist
   333 | D        | Reached skill level 5 in Dodging
   334 | D        | Killed a kobold demonologist
   335 | D        | Reached XP level 9. HP: 67/67 MP: 12/14
   355 | D        | Noticed a deep troll
   359 | D        | Killed a deep troll
   359 | D        | Reached *** piety under Lugonu
   360 | D        | Reached skill level 5 in Throwing
   379 | D        | Found Keont's Armour Emporium.
   444 | D        | Reached skill level 10 in Fighting
   444 | D        | Reached XP level 10. HP: 74/76 MP: 14/16
   449 | D        | Noticed a centaur warrior
   449 | D        | Noticed a centaur warrior
   458 | D        | Killed a centaur warrior
   459 | D        | Reached skill level 10 in Short Blades
   470 | D        | Killed a centaur warrior
   502 | D        | Paralysed by a hornet for 2 turns
   508 | D        | Reached skill level 10 in Invocations
   729 | D        | Killed a gargoyle
   741 | D        | Noticed an oklob plant
   743 | D        | Killed an oklob plant
   743 | D        | Reached **** piety under Lugonu
   754 | D        | Reached XP level 11. HP: 83/83 MP: 18/18
   783 | D        | Reached ***** piety under Lugonu
  1185 | D        | Found Owuer's Distillery.
  1186 | D        | Found Dyakheas's Distillery.
  1186 | D        | Found Mayvem's Distillery.
  1187 | D        | Found Ehoqaha's Antique Weapon Boutique.
  1187 | D        | Found Soethraf's Assorted Antiques.
  1206 | D        | Reached skill level 10 in Dodging
  1463 | D        | Found Robaewo's Armour Emporium.
  1468 | D        | Reached ****** piety under Lugonu
  1489 | D        | Found Nuihuzau's Magic Scroll Emporium.
  1489 | D        | Found Etiawuih's Antique Armour Shop.
  1489 | D        | Found Capux's Jewellery Shoppe.
  1489 | D        | Found Wuxatuyg's Distillery.
  1489 | D        | Found Obukygox's Assorted Antiques.
  1489 | D        | Found Otwyno's Weapon Shop.
  1489 | D        | Found Wimoj's General Store.
  1491 | D        | Bought a potion of invisibility for 96 gold pieces
  1492 | D        | Found Veyg's Magic Scroll Boutique.
  1495 | D        | Bought a scroll of holy word for 75 gold pieces
  1499 | D        | Bought a short fluorescent wand for 116 gold pieces
  1502 | D        | Bought a scroll of blinking for 105 gold pieces
  1506 | D        | Bought a pink potion for 22 gold pieces
  1506 | D        | Bought a scroll labelled GULLOU UDESEQ for 25 gold pieces
  1512 | D        | Bought the ring of Awe {Wiz *Corrode rElec rF++ Str+2} for
                  | 781 gold pieces
  1515 | D        | Bought a scroll labelled XODAF RIZEWANUA for 29 gold pieces
  1515 | D        | Bought a scroll labelled XODAF RIZEWANUA for 29 gold pieces
  1515 | D        | Bought a scroll labelled LOSAUCE WUCROS for 29 gold pieces
  1633 | D        | Noticed a lindwurm
  1635 | D        | Killed a lindwurm
  2116 | D        | Noticed a 12-headed hydra
  2118 | D        | Killed a 12-headed hydra
  2249 | D        | Bought a scroll labelled YNWOXASKODDE for 29 gold pieces
  2254 | D        | Bought a potion of might for 44 gold pieces
  2254 | D        | Bought a potion of cancellation for 88 gold pieces
  2255 | D        | Bought a scroll of identify for 20 gold pieces
  2255 | D        | Bought a scroll of identify for 20 gold pieces
  2255 | D        | Bought a scroll of vulnerability for 75 gold pieces
  2255 | D        | Bought a scroll of identify for 20 gold pieces
  2259 | D        | Bought 3 scrolls of identify for 60 gold pieces
  2301 | D        | Bought a ring of see invisible for 195 gold pieces
  2367 | D        | Noticed a deep elf annihilator
  2813 | D        | Noticed the 27-headed Lernaean hydra
  2822 | D        | HP: 1/90 [the 27-headed Lernaean hydra (11)]
  2822 | D        | Slain by the 27-headed Lernaean hydra

Illustrated notes

Levels and vault maps discovered:
D:        dungeon_sprint_1 [red_sonja_temple_1, red_sonja_temple_small_1]

Skill      XL: |  1  2  3  4  5  6  7  8  9 10 11 |
---------------+----------------------------------+-----
Stealth        | 9 13 14 15 16 | 16.2
Fighting       | 4 5 8 10 11 14 | 14.1
Short Blades   | 4 5 8 9 11 | 11.2
Evocations     | 4 5 8 |  8.4
Invocations    | 5 7 8 10 13 | 13.9
Dodging        | 4 5 7 9 12 | 12.6
Throwing       | 4 6 |  6.1

Action                   |  1- 3 |  4- 6 |  7- 9 | 10-12 || total
-------------------------+-------+-------+-------+-------++-------
Melee: Dagger            |     4 |     2 |     7 |   185 ||   198
       Tentacles         |     1 |       |       |    48 ||    49
       Constrict         |     1 |       |       |    29 ||    30
       Punch             |       |       |       |     2 ||     2
Throw: Dart              |       |       |       |    14 ||    14
       Stone             |       |       |       |     1 ||     1
Invok: Banish            |       |       |       |     2 ||     2
       Bend Space        |       |       |       |     1 ||     1
Evoke: Wand              |       |       |       |     5 ||     5
  Use: Potion            |       |       |     1 |     5 ||     6
       Scroll            |       |       |       |     9 ||     9
 Stab: Sleeping          |     2 |     2 |     7 |    13 ||    24
Armor: Skin              |       |       |       |    27 ||    27
Dodge: Dodged            |       |       |       |    87 ||    87

Table legend: (Time is in decaauts)
 A = Elapsed time spent in this place.
 B = Non-inter-level travel time spent in this place.
 C = Inter-level travel time spent in this place.
 D = Time resting spent in this place.
 E = Time spent auto-exploring this place.
 F = Levels seen in this place.
 G = Mean time per level.
                   A        B        C        D        E       F      G
               +--------+--------+--------+--------+--------+-----+--------+
         Total |   2728 |   2518 |    210 |   1681 |      0 |   1 | 2728.0 |
       Dungeon |   2728 |   2518 |    210 |   1681 |      0 |   1 | 2728.0 |
               +--------+--------+--------+--------+--------+-----+--------+

Top non-repeatable levels by time:
       D: 2728 daAuts
